 Dungeon Crawl Stone Soup version 0.30.0-19-g36f170ea60 (webtiles) character file.

Game seed: 11364972842190594927

44212 Cheops the Covert (level 13, -5/92 HPs)
             Began as an Armataur Earth Elementalist on May 26, 2023.
             Was a Follower of Uskayaw.
             Slain by a death yak (8 damage)
             ... while petrified by a catoblepas
             ... on level 5 of the Lair of Beasts on May 28, 2023.
             The game lasted 02:47:27 (39525 turns).

Cheops the Covert (Armataur Earth Elementalist)    Turns: 39525, Time: 02:47:27

Health: -5/92      AC: 19    Str: 15    XL:     13   Next: 95%
Magic:  25/31      EV:  1    Int: 24    God:    Uskayaw [*.....]
Gold:   834        SH:  0    Dex: 16    Spells: 0/24 levels left

rFire   . . .        b - +4 dagger (speed)
rCold   . . .        Q - +0 buckler
rNeg    + + +        P - +3 leather armour
rPois   ∞            r - +0 helmet
rElec   .            y - +0 cloak
rCorr   .            I - +2 pair of gloves
SInv    .            R - +0 barding of Absence {MP+9 Int+4}
Will    ++...        (no amulet)
Stlth   +++++        m - ring "Damnable Contraption" {rN+ Will+ Dex+6 Slay+2}
HPRegen 0.35/turn    n - ring of willpower
MPRegen 0.22/turn

%: roll
@: petrified, frozen, very slow
A: large, rugged brown scales 3, deformed body, armoured tail, roll, long
tongue, awkward tongue
a: Renounce Religion, Stomp


You were on level 5 of the Lair of Beasts.
You worshipped Uskayaw.
Uskayaw was noncommittal.
You visited 2 branches of the dungeon, and saw 15 of its levels.
You also visited: Ossuary and Ice Cave.

You collected 1816 gold pieces.
You spent 982 gold pieces at shops.

Inventory:

Hand Weapons
 b - a +4 dagger of speed (weapon)
 c - a +1 short sword of electrocution
 d - a +0 short sword of holy wrath
 e - a +7 falchion of flaming
Armour
 r - a +0 helmet (worn)
 s - a +0 ring mail of cold resistance
 y - a +0 cloak (worn)
 G - a +1 kite shield
 H - +0 acid dragon scales
 I - a +2 pair of gloves (worn)
 O - a +0 robe of fire resistance
 P - a +3 leather armour (worn)
 Q - a +0 buckler (worn)
 R - the +0 barding of Absence (worn) {MP+9 Int+4}
   (You acquired it on level 5 of the Lair of Beasts)

   Int:       It affects your intelligence (+4).
   MP:        It affects your magic capacity (+9).
Magical Staves
 a - a staff of earth {!a}
Jewellery
 m - the ring "Damnable Contraption" (left hand) {rN+ Will+ Dex+6 Slay+2}
   (You acquired it on level 8 of the Dungeon)

   [ring of dexterity]

   Dex:       It affects your dexterity (+6).
   Slay:      It affects your accuracy & damage with ranged weapons and melee
   (+2).
   rN:        It protects you from negative energy.
   Will:      It increases your willpower.
 n - a ring of willpower (right hand)
 D - a ring of ice
 F - a ring of see invisible
 K - a ring of protection from fire
 W - a ring of protection from cold
Wands
 l - a wand of light (10)
 v - a wand of polymorph (5)
 L - a wand of iceblast (10)
 T - a wand of charming (8)
 V - a wand of mindburst (11)
Scrolls
 h - 5 scrolls of fog
 j - 2 scrolls of butterflies
 z - 4 scrolls of magic mapping
 B - a scroll of amnesia
 E - a scroll of enchant armour
 M - a scroll of poison
 U - 2 scrolls of fear
 Y - a scroll of silence
 Z - 3 scrolls of teleportation
Potions
 f - 3 potions of haste {unknown}
 g - 4 potions of invisibility {unknown}
 i - 4 potions of brilliance {unknown}
 k - a potion of berserk rage {unknown}
 o - 7 potions of curing {unknown}
 q - 3 potions of might
 t - 6 potions of attraction {unknown}
 u - 2 potions of lignification {unknown}
 w - a potion of ambrosia
 A - a potion of mutation
 C - 2 potions of cancellation {unknown}
 J - a potion of magic
 N - 3 potions of flight {unknown}
 X - a potion of resistance
Miscellaneous
 p - a phial of floods
 S - a phantom mirror


   Skills:
 * Level 8.9 Short Blades
 + Level 5.9 Armour
 - Level 1.3 Dodging
 - Level 13.7 Stealth
 - Level 9.0 Shields
 - Level 6.0 Spellcasting
 - Level 8.0 Conjurations
 - Level 8.0 Transmutations
 - Level 3.0 Air Magic
 - Level 8.0 Earth Magic
 - Level 3.0 Poison Magic
 - Level 3.0 Invocations


You couldn't memorise any spells.
You knew the following spells:

 Your Spells              Type           Power      Damage    Failure   Level
a - Sandblast             Erth           90%        2d19      1%          1
b - Stone Arrow           Conj/Erth      90%        3d12      1%          3
d - Lee's Rapid Deconstr  Erth           22%        3d13*     12%         5
m - Mephitic Cloud        Conj/Pois/Air  29%        N/A       4%          3
p - Petrify               Tmut/Erth      45%        N/A       4%          4
P - Passwall              Tmut/Erth      37%        N/A       1%          2
S - Statue Form           Tmut/Erth      30%        N/A       54%         6

Your spell library contained the following spells:

 Spells                   Type           Power      Damage    Failure   Level
 Cigotuvi's Dreadful Rot  Necr/Pois/Air  32%        N/A       8%          2
 Summon Small Mammal      Summ           28%        N/A       12%         1
 Leda's Liquefaction      Hex/Erth       13%        N/A       22%         4
 Olgreb's Toxic Radiance  Pois           21%        N/A       32%         4
 Call Canine Familiar     Summ           7%         N/A       34%         3
 Summon Guardian Golem    Hex/Summ       7%         N/A       34%         3
 Summon Lightning Spire   Summ/Air       14%        N/A       52%         4
 Storm Form               Tmut/Air       16%        N/A       100%        7
 Maxwell's Capacitive Co  Air            10%        ∞         100%        8


Dungeon Overview and Level Annotations

Branches:
Dungeon (10/15)            Temple (0/1) D:5            Lair (5/5) D:8
  Swamp (0/4) Lair:3       Spider (0/4) Lair:3        Slime (0/5) Lair:4
    Orc (0/2) D:9         Ossuary (visited)           IceCv (visited)

Altars:
Fedhas
Makhleb
Nemelex Xobeh
Ru
Trog
Uskayaw
Vehumet
Xom
Jiyva

Shops:
D:1 =   D:8 :*:(:=   D:10 *

Annotations:
D:8 2 transporters, Grum; hamfred's ghost, novice DsFi
D:10 1 runed translucent door


Innate Abilities, Weirdness & Mutations

You are completely covered in rugged brown scales. (AC +3, +7% HP)
Armour fits poorly on your strangely shaped body.
You have a long armoured tail.
You roll when moving toward enemies. (Rampage)
Your long tongue fully drains potion bottles. (2x potion effects)
Your tongue gives you trouble enunciating. (1.5x scroll delay)


Message History

The death yak is moving more slowly.
You have turned to stone.
You are engulfed in calcifying dust.
The death yak gores you.
* * * LOW HITPOINT WARNING * * *
You are engulfed in calcifying dust.
The water moccasin is engulfed in calcifying dust.
The water moccasin is moving more slowly.
The death yak is engulfed in calcifying dust.
The death yak stops moving altogether!
The death yak gores you.
* * * LOW HITPOINT WARNING * * *
The death yak gores you but does no damage.
You are engulfed in calcifying dust.
The water moccasin bites you.
* * * LOW HITPOINT WARNING * * *
The death yak is engulfed in calcifying dust.
The death yak gores you!
* * * LOW HITPOINT WARNING * * *
The death yak gores you!!
* * * LOW HITPOINT WARNING * * *
The water moccasin bites you but does no damage.
You are engulfed in calcifying dust.
The death yak is engulfed in calcifying dust.
The water moccasin completely misses you.
The death yak gores you.
The catoblepas breathes a plume of calcifying dust at you.
The blast of calcifying dust hits the rime drake.
The blast of calcifying dust hits the death yak!
The blast of calcifying dust hits you but does no damage.
The death yak gores you!
* * * LOW HITPOINT WARNING * * *
The rime drake breathes ice at you. The icy flash freeze hits you!
* * * LOW HITPOINT WARNING * * *
You are encased in ice.
You are engulfed in calcifying dust.
The water moccasin bites you but does no damage.
The death yak is engulfed in calcifying dust.
The rime drake is engulfed in calcifying dust.
The rime drake is moving more slowly.
The death yak gores you but does no damage.
The death yak gores you!
You die...

*,,***,,..........#.*##kS....###.
*,,****,...........#*#........#..
*,,,* *#..........P###..####.....
..,,* ##...........#...##..Y...#.
..,** #...........###k..........#
...,**##......#..####..#..Y......
..P,,##......##.8.##...#.8.8..#.)
...,*#.......#.YYS.#....k........
..***##......#8§@Yk'.Y#.h.8...#..
.#####..#....#..k.....#§§§....#..
.............#..8..#Y.h..8.8.##..
....#..##.....######...#.....#...
..###P...#....# #..#...........#
..# ##........# ##..#..#....##.#.
..# ##.....### #..........##..#.
### #...### ##...##......^##.
##..#.# #....##.....##..


You could see 3 death yaks, a catoblepas, 2 rime drakes, a water moccasin
(petrifying) and a hell hound (petrified).

Vanquished Creatures
  A reaper (IceCv)
  4 hydras
  A centaur warrior (D:9)
  A two-headed ogre (D:9)
  A tengu warrior (D:9)
  4 death yaks
  3 skysharks
  Lodul (D:10)
  2 bog bodies (Lair:3)
  An orb spider (Lair:3)
  A lindwurm (Lair:4)
  A wizard (D:10)
  The ghost of Fractals the Shield-Bearer, a novice DsGl of Gozag (D:7)
  An ugly thing (D:9)
  A cyclops (D:9)
  4 black mambas
  Joseph (D:7)
  2 torpor snails (Lair:5)
  8 cane toads
  Maggie (D:6)
  An ice statue (IceCv)
  A kobold demonologist (D:7)
  7 komodo dragons
  4 rime drakes
  An anaconda simulacrum (IceCv)
  An ice devil (IceCv)
  The ghost of kmckee the Chopper, an amateur HOFi (D:5)
  3 trolls
  2 polar bears
  3 hornets
  17 blink frogs
  3 dire elephant simulacra (IceCv)
  Sigmund (D:2)
  28 yaks
  4 steam dragons
  3 wyverns
  4 basilisks
  4 death yak simulacra (IceCv)
  4 vampire mosquitoes (D:10)
  16 water moccasins
  A hydra simulacrum (IceCv)
  A sky beast (D:6)
  3 black bears
  2 orc warriors
  An ice beast (D:5)
  7 ogres
  3 centaurs
  13 wolves
  10 kobold brigands (D:7)
  10 bullfrogs
  3 gnoll sergeants
  A two-headed ogre simulacrum (IceCv)
  13 scorpions
  19 wights
  2 elephant simulacra (IceCv)
  13 killer bees
  8 electric eels
  3 centaur zombies (Ossuary)
  8 orc priests
  A gnoll bouda (D:7)
  3 human zombies
  3 jellies
  2 sleepcaps (D:4)
  7 iguanas
  8 orc wizards
  6 scorpion zombies (Ossuary)
  5 spriggan simulacra (IceCv)
  A polar bear simulacrum (Lair:2)
  8 troll simulacra (IceCv)
  2 wolf simulacra
  3 mummies (Ossuary)
  Robin (D:3)
  21 gnolls
  8 adders
  5 naga simulacra (IceCv)
  2 shadow imps (D:7)
  12 white imps
  5 ufetubi
  2 worms (D:2)
  4 dart slugs
  25 orcs
  7 endoplasms
  A giant cockroach (D:3)
  4 gnoll zombies (Ossuary)
  9 hobgoblins
  5 quokkas
  6 ball pythons
  7 bats
  5 frilled lizards
  17 goblins
  A hobgoblin zombie (Ossuary)
  2 kobolds
  3 kobold zombies (Ossuary)
  8 rats
478 creatures vanquished.

Notes
Turn   | Place    | Note
-------+----------+-------------------------------------------
     0 | D:1      | Cheops the Armataur Earth Elementalist began the quest for
                  | the Orb.
     0 | D:1      | Reached XP level 1. HP: 14/14 MP: 3/3
   114 | D:1      | Reached XP level 2. HP: 16/21 MP: 0/5
   391 | D:1      | Found a faded altar of an unknown god.
   413 | D:1      | Found Zulas's Jewellery Shoppe.
   573 | D:1      | Learned a level 2 spell: Passwall
   796 | D:1      | Reached XP level 3. HP: 27/27 MP: 4/6
   914 | D:2      | Noticed Sigmund
  1212 | D:2      | Reached skill level 3 in Stealth
  2239 | D:2      | Killed Sigmund
  2240 | D:2      | Reached skill level 4 in Stealth
  2240 | D:2      | Reached XP level 4. HP: 15/35 MP: 4/7
  2240 | D:2      | Reached XP level 5. HP: 18/40 MP: 4/8
  2814 | D:3      | Reached skill level 5 in Earth Magic
  2818 | D:3      | Learned a level 3 spell: Stone Arrow
  3126 | D:3      | Reached XP level 6. HP: 25/48 MP: 3/9
  3136 | D:3      | Reached skill level 1 in Conjurations
  3312 | D:3      | Found a hide-covered altar of Uskayaw.
  3362 | D:3      | Found a sparkling altar of Nemelex Xobeh.
  3373 | D:3      | Became a worshipper of Uskayaw the Reveller
  3445 | D:3      | Reached * piety under Uskayaw
  3600 | D:3      | Reached ** piety under Uskayaw
  3603 | D:3      | Noticed Robin
  3605 | D:3      | Reached *** piety under Uskayaw
  3723 | D:3      | Killed Robin
  4367 | D:4      | Reached skill level 5 in Stealth
  4895 | D:4      | Found a burning altar of Makhleb.
  5602 | D:5      | Entered Level 5 of the Dungeon
  5604 | D:5      | Noticed an ice beast
  5609 | D:5      | Killed an ice beast
  5610 | D:5      | Reached XP level 7. HP: 53/53 MP: 0/10
  5859 | D:5      | Reached skill level 6 in Stealth
  5913 | D:5      | Found a sand-covered staircase.
  5960 | Ossuary  | Entered an ossuary
  6598 | Ossuary  | Reached skill level 5 in Conjurations
  6606 | Ossuary  | Learned a level 4 spell: Petrify
  6698 | Ossuary  | Reached skill level 1 in Transmutations
  6733 | Ossuary  | Reached XP level 8. HP: 60/60 MP: 3/11
  6867 | Ossuary  | Reached skill level 7 in Stealth
  7844 | Ossuary  | Reached skill level 8 in Stealth
  7996 | D:5      | Found a runed translucent door.
  8032 | D:5      | Noticed kmckee's ghost (amateur HOFi)
  8886 | D:5      | Found a staircase to the Ecumenical Temple.
  9160 | D:6      | Reached skill level 5 in Transmutations
  9500 | D:6      | Reached XP level 9. HP: 66/66 MP: 5/12
 10014 | D:6      | Reached skill level 1 in Short Blades
 10155 | D:6      | Noticed Maggie
 10344 | D:6      | Reached skill level 9 in Stealth
 10729 | D:6      | Found a radiant altar of Vehumet.
 10820 | D:6      | Killed Maggie
 10823 | D:6      | Reached **** piety under Uskayaw
 10917 | D:6      | Identified the +5 war axe "Oraosaotz" {heavy, rElec rN++}
 11364 | D:6      | Found a radiant altar of Vehumet.
 11500 | D:7      | Noticed Joseph
 11510 | D:7      | Killed Joseph
 11605 | D:7      | Reached skill level 5 in Short Blades
 11605 | D:7      | Reached skill level 10 in Stealth
 12437 | D:7      | Reached XP level 10. HP: 73/73 MP: 3/13
 13687 | D:7      | Found a shimmering altar of Xom.
 13694 | D:7      | Found a runed translucent gate.
 13696 | D:7      | Found a runed translucent gate.
 13697 | D:7      | Found a runed translucent gate.
 13698 | D:7      | Noticed Fractals's ghost (novice DsGl)
 13725 | D:7      | Paralysed by a hornet for 2 turns
 13931 | D:7      | Reached skill level 11 in Stealth
 14079 | D:7      | Found a bloodstained altar of Trog.
 14079 | D:7      | Found a sacrificial altar of Ru.
 14242 | D:8      | Found Upraf's Assorted Antiques.
 14383 | D:8      | Noticed a death yak
 14383 | D:8      | Noticed a death yak
 14387 | D:8      | Noticed a death yak
 14568 | D:7      | Reached skill level 1 in Shields
 15492 | D:8      | Found Messiregeri's Book Emporium.
 15497 | D:8      | Found Bikhitz's Book Shop.
 15541 | D:8      | Found Ysool's Jewellery Shoppe.
 15544 | D:8      | Found Amecux's Weapon Boutique.
 15601 | D:8      | Got Hujifrie's Compilation of Degeneration
 16338 | D:8      | Killed a death yak
 16526 | D:8      | Noticed a six-headed hydra
 16657 | D:8      | Learned a level 3 spell: Mephitic Cloud
 16749 | D:8      | Found Macacw's Book Boutique.
 17044 | D:9      | Found a staircase to the Orcish Mines.
 17344 | D:9      | Noticed a two-headed ogre
 17347 | D:9      | Killed a two-headed ogre
 17348 | D:9      | Reached skill level 5 in Shields
 17348 | D:9      | Reached XP level 11. HP: 79/79 MP: 5/15
 17886 | D:9      | Reached skill level 1 in Air Magic
 17886 | D:9      | Reached skill level 1 in Poison Magic
 18318 | D:9      | Noticed a tengu warrior
 18321 | D:9      | Noticed a centaur warrior
 18740 | D:9      | Noticed a purple ugly thing
 18744 | D:9      | Killed a centaur warrior
 18967 | D:9      | Killed a purple ugly thing
 19267 | D:9      | Identified the +7 scale mail of Privacy {Will- Str+5}
 19280 | D:9      | Killed a tengu warrior
 19406 | D:9      | Reached skill level 1 in Invocations
 19418 | D:9      | Reached ***** piety under Uskayaw
 19656 | D:10     | Entered Level 10 of the Dungeon
 20123 | D:10     | Found Beteont's Assorted Antiques.
 20124 | D:10     | Found a blossoming altar of Fedhas.
 20132 | D:10     | Bought a scroll of identify for 54 gold pieces
 20427 | D:10     | Noticed Lodul
 21233 | D:10     | Found a runed translucent door.
 21233 | D:10     | Noticed a wizard
 21237 | D:10     | Killed a wizard
 21292 | D:10     | Noticed a centaur warrior
 21548 | D:10     | Killed Lodul
 22053 | D:8      | Bought a book of the Earth for 540 gold pieces
 22324 | D:8      | Killed a six-headed hydra
 22646 | D:7      | HP: 3/79 [death yak (9)]
 22921 | D:7      | Found a shimmering altar of Xom.
 22945 | D:7      | Found a runed translucent gate.
 22948 | D:7      | Found a runed translucent gate.
 22949 | D:7      | Found a runed translucent gate.
 23043 | D:7      | Killed a death yak
 23044 | D:7      | Reached XP level 12. HP: 86/86 MP: 1/17
 23161 | D:7      | Found a bloodstained altar of Trog.
 23161 | D:7      | Found a sacrificial altar of Ru.
 23587 | D:7      | Learned a level 5 spell: Lee's Rapid Deconstruction
 23589 | D:8      | Found a staircase to the Lair.
 23656 | D:8      | Identified the +2 trident "Dragonslayer" {pain, Str-2 Int+3
                  | SInv Stlth+}
 23656 | D:8      | Identified the ring "Lasoe" {Wiz rElec rPois Will-}
 23689 | D:8      | Found a transporter.
 23764 | D:8      | Noticed Grum
 23776 | D:8      | Found a transporter.
 23776 | D:8      | Noticed hamfred's ghost (novice DsFi)
 23792 | D:8      | Found a transporter.
 23792 | D:8      | Found a transporter.
 23893 | D:8      | Found Ysool's Jewellery Shoppe.
 23903 | D:8      | Found Amecux's Weapon Boutique.
 23909 | D:8      | Found Bikhitz's Book Shop.
 23913 | D:8      | Found Messiregeri's Book Emporium.
 23916 | D:8      | Found Upraf's Assorted Antiques.
 23958 | D:8      | Killed a death yak
 24165 | D:8      | Found a staircase to the Lair.
 24333 | D:8      | Found Macacw's Book Boutique.
 24405 | D:9      | Found a staircase to the Orcish Mines.
 25299 | D:10     | Identified the staff of air "Afarual" {rElec rF+ rC+ Str-4
                  | Stlth+}
 25303 | D:10     | Noticed a boulder beetle
 25407 | Lair:1   | Entered Level 1 of the Lair of Beasts
 25518 | D:8      | Identified a scroll of acquirement
 25518 | D:8      | Acquired the ring "Damnable Contraption" {rN+ Will+ Dex+6
                  | Slay+2}
 25988 | Lair:1   | Reached skill level 12 in Stealth
 26197 | Lair:1   | Paralysed by a hornet for 1 turns
 27597 | Lair:2   | Found a frozen archway.
 27740 | IceCv    | Entered an ice cave
 27972 | IceCv    | Identified the +0 pair of gloves "Tyxiclal" {rPois MP-9
                  | Dex+6}
 28666 | IceCv    | Reached skill level 13 in Stealth
 30397 | IceCv    | Noticed a reaper
 30691 | IceCv    | Killed a reaper
 30947 | IceCv    | Found the +1 cloak of Starlight {*Dazzle EV+4 Stlth--}
 31131 | D:8      | Bought a scroll of identify for 38 gold pieces
 31255 | D:5      | Killed kmckee's ghost
 31396 | D:7      | Killed Fractals's ghost
 31909 | D:8      | Bought a +1 short sword of electrocution for 188 gold
                  | pieces
 32044 | D:10     | Bought 2 scrolls of teleportation for 162 gold pieces
 32300 | Lair:2   | Reached XP level 13. HP: 75/92 MP: 2/19
 33503 | Lair:3   | Found a staircase to the Swamp.
 33617 | Lair:3   | Reached skill level 5 in Spellcasting
 34932 | Lair:3   | Found a hole to the Spider Nest.
 35500 | Lair:3   | Learned a level 6 spell: Statue Form
 35876 | Lair:4   | Reached skill level 1 in Armour
 36134 | Lair:4   | Found a staircase to the Slime Pits.
 36138 | Lair:4   | Found a viscous altar of Jiyva.
 37052 | Lair:5   | Entered Level 5 of the Lair of Beasts
 37468 | Lair:5   | Acquired the +0 barding of Absence {MP+9 Int+4}
 38488 | Lair:5   | Reached skill level 5 in Armour
 39524 | Lair:5   | HP: 3/92 [rime drake/icy flash freeze (3)]
 39525 | Lair:5   | Slain by a death yak

Illustrated notes

Levels and vault maps discovered:
D:1:      tarquinn_simple_flora_water_b, layout_basic, serial_aquarium,
          aquarium_bridge_long_joined [aquarium_subvault_balcony,
          aquarium_subvault_window, aquarium_subvault_window,
          aquarium_subvault_bridge, aquarium_subvault_balcony,
          aquarium_subvault_bridge], aquarium_window_fake, aquarium_window_3,
          aquarium_view_4, aquarium_view_2b, aquarium_balcony_3a,
          hellmonk_ecumenical_altar_inner_sanctum, serial_shops,
          nicolae_diamond_shop
D:2:      layout_loops_ring, patterned_corridor, uniq_sigmund
D:3:      minmay_evil_eye, layout_basic, nicolae_overflow_hidden_temple,
          uniq_robin
D:4:      layout_basic, mainiacjoe_overflow_chevrons, minmay_misc_feat_tiny
D:5:      layout_gridville, minmay_temple_entry_hall, enter_ossuary_3,
          ebering_ghost_sewer_d
D:6:      layout_basic, kennysheep_little_box, serial_park_tiny_pond,
          uniq_maggie
D:7:      layout_cave_pools, nicolae_overflow_two_pavilions,
          gammafunk_ghost_nasty_kobolds, nicolae_sextant, minmay_ruined_shrine,
          uniq_joseph
D:8:      kennysheep_big_flooded_room, layout_rooms, dpeg_lair_monsters,
          gammafunk_ghost_gnarly_gnolls, nicolae_take_the_stairs,
          nicolae_shop_national_dungeon_mall, uniq_grum
D:9:      minmay_slanted_spiral_squares, layout_cave_pods, orc_0_dummy
D:10:     layout_stronghold, fedhas_altar_1, serial_shops,
          nicolae_shop_overgrown_old_shop, hangedman_decor_opposing,
          eino_tiny_chamber, minivault_13, uniq_lodul
Lair:1:   layout_cave_shapes, pdpol_lair_cavern_descent
Lair:2:   layout_cave_pods, portal_ice_cave_entry_ice_simulacra,
          chequers_serial_rivers_large_a, lemuel_fruit_fields
Lair:3:   layout_regular_city, skrybe_swamp_entry_bodies,
          nicolae_spider_entry_orb_guardian
Lair:4:   layout_cave_pods, slime_entry_1, serial_bayou_shore_a,
          grunt_megastairs_3
Lair:5:   evil_forest, layout_cave_pods, gauntlet_entry_generic,
          grunt_megastairs_2

Skill      XL: |  1  2  3  4  5  6  7  8  9 10 11 12 13 |
---------------+----------------------------------------+-----
Spellcasting   | 2 3 4 6 |  6.0
Earth Magic    | 3 4 5 6 8 |  8.0
Stealth        | 4 5 6 8 10 11 13 | 13.7
Conjurations   | 3 5 6 8 |  8.0
Transmutations | 1 5 7 8 |  8.0
Short Blades   | 5 7 8 |  8.9
Shields        | 5 7 9 |  9.0
Air Magic      | 3 |  3.0
Poison Magic   | 3 |  3.0
Invocations    | 3 |  3.0
Armour         | 5 |  5.9
Dodging        | |  1.3

Action                     |  1- 3 |  4- 6 |  7- 9 | 10-12 | 13-15 || total
---------------------------+-------+-------+-------+-------+-------++-------
  Melee: Unarmed           |    13 |       |       |       |       ||    13
         Tailslap          |     3 |     1 |     6 |    57 |    21 ||    88
         Dagger            |     1 |       |       |   314 |    60 ||   375
         Short sword       |       |    10 |    38 |    39 |    20 ||   107
         Falchion          |       |       |       |       |     9 ||     9
         Staff             |       |       |       |       |     2 ||     2
   Cast: Sandblast         |    54 |    73 |   121 |    59 |    15 ||   322
         Stone Arrow       |       |    15 |   106 |   365 |   100 ||   586
         Passwall          |       |     3 |     5 |    21 |     8 ||    37
         Petrify           |       |       |     5 |    23 |    25 ||    53
         Mephitic Cloud    |       |       |       |     8 |       ||     8
         Lee's Rapid Decon |       |       |       |    27 |    15 ||    42
  Evoke: Wand              |       |       |       |    16 |     1 ||    17
    Use: Scroll            |       |     4 |    12 |    16 |     7 ||    39
         Potion            |       |       |       |     5 |     1 ||     6
   Stab: Paralysed         |       |     1 |     1 |    32 |    12 ||    46
         Petrified         |       |       |     9 |    13 |    12 ||    34
         Petrifying        |       |       |       |     5 |     3 ||     8
         Sleeping          |       |       |       |       |     8 ||     8
 Armour: Robe              |     9 |    12 |    44 |    12 |       ||    77
         Leather armour    |       |       |       |   185 |    87 ||   272
  Dodge: Dodged            |    12 |    22 |    68 |   175 |    66 ||   343
  Block: Buckler           |       |       |       |    92 |    68 ||   160
